 Dungeon Crawl Stone Soup version 0.29.1-2-gbd0b4ee654 (webtiles) character file.

Game seed: 11081327229251852561

144 safid the Shooter (level 5, -3/70 HPs)
             Began as a Minotaur Hunter on Nov 17, 2022.
             Slain by an orc
             ... wielding a +0 falchion
              (5 damage)
             ... on level 3 of the Dungeon.
             The game lasted 00:03:02 (2474 turns).

safid the Shooter (Minotaur Hunter)                 Turns: 2474, Time: 00:03:03

Health: -3/70      AC:  3    Str: 15    XL:     5   Next: 5%
Magic:  4/4        EV: 12    Int:  6    God:
Gold:   114        SH:  0    Dex: 16    Spells: 4/4 levels left

rFire   . . .      SeeInvis .   a - +0 shortbow
rCold   . . .      Faith    .   (shield currently unavailable)
rNeg    . . .      Spirit   .   c - +0 leather armour
rPois   .          Reflect  .   (helmet restricted)
rElec   .          Harm     .   (no cloak)
rCorr   .          Rampage  .   (no gloves)
Will    .....                   (no boots)
Stlth   ..........              (no amulet)
HPRegen 0.21/turn               (no ring)
MPRegen 0.09/turn               (no ring)

@: berserking, very quick
A: horns 2, retaliatory headbutt
a: no special abilities


You were on level 3 of the Dungeon.
You visited 1 branch of the dungeon, and saw 4 of its levels.

You collected 114 gold pieces.

Inventory:

Hand Weapons
 a - a +0 shortbow (weapon)
Armour
 c - a +0 leather armour (worn)
Jewellery
 o - an amulet of faith
 q - a +4 ring of evasion
Wands
 r - a wand of digging (2)
Scrolls
 b - 2 scrolls of immolation
 d - a scroll of torment {unknown}
 e - a scroll of enchant armour {unknown}
 i - a scroll of silence {unknown}
 k - a scroll of enchant weapon {unknown}
 l - 2 scrolls of identify {unknown}
 m - 3 scrolls of blinking {unknown}
 p - a scroll of fear {unknown}
 u - a scroll of teleportation {unknown}
Potions
 f - 2 potions of berserk rage
 g - a potion of brilliance {unknown}
 h - a potion of cancellation {unknown}
 j - a potion of heal wounds {unknown}
 n - a potion of resistance {unknown}
 s - a potion of flight {unknown}
 t - a potion of curing {unknown}


   Skills:
 + Level 4.8 Fighting
 + Level 5.8 Ranged Weapons
 - Level 2.1 Dodging
 - Level 0.7 Stealth


You had 4 spell levels left.
You didn't know any spells.
Your spell library was empty.

Dungeon Overview and Level Annotations

Branches:
Dungeon (4/15)
 Temple: D:4-7

Altars:
Wu Jian


Innate Abilities, Weirdness & Mutations

You have a pair of horns on your head.
You reflexively headbutt those who attack you in melee.


Message History

Unknown command.
Non-targeted confused fire: a) +0 shortbow
Press: ? - help, Q - select action Dir - look around, f - activate You shoot an arrow.
The orc hits you with a +0 falchion.
The orc wizard mumbles some strange words.
The orc wizard flickers and vanishes!
Deactivating autopickup; reactivate with Ctrl-A.
Unknown command.
Non-targeted confused fire: a) +0 shortbow
Press: ? - help, Q - select action Dir - look around, f - activate You shoot an arrow.
The orc closely misses you.
You hear some strange, mumbled words.
A magic dart appears from out of thin air!
The magic dart hits you!
* * * LOW HITPOINT WARNING * * *
The orc barely misses you. Something barely misses you.
Unknown command.
Non-targeted confused fire: a) +0 shortbow
Press: ? - help, Q - select action Dir - look around, f - activate You shoot an arrow.
The arrow closely misses the orc.
The orc barely misses you.
You hear some strange, mumbled words.
A magic dart appears from out of thin air!
The magic dart hits you.
* * * LOW HITPOINT WARNING * * *
Unknown command.
Non-targeted confused fire: a) +0 shortbow
Press: ? - help, Q - select action Dir - look around, f - activate You shoot an arrow.
You feel less confused. The orc hits you with a +0 falchion.
* * * LOW HITPOINT WARNING * * *
Something hits you but does no damage.
It was a potion of berserk rage.
A red film seems to cover your vision as you go berserk!
You feel yourself moving faster!
You feel mighty! The orc hits you with a +0 falchion.
You die...

##...................#
#......######'#######
###..### ###.# ##.##
#...# ######### #..#
##.###
........####.####..#
........'.......#)##
........#####.#{.รท###
........##.##...@...#
#######....#####o##.#
####.# #.##.# #....#
#....# #.#############
#.....##....#
#####.##.##.#
#.##.##.###########
#....#............#


You could see an orc.

Vanquished Creatures
  Natasha (thrice) (D:3)
  A worm (D:2)
  2 dart slugs (D:3)
  6 orcs
  5 endoplasms
  A giant cockroach (D:1)
  5 goblins
  6 hobgoblins
  3 quokkas
  4 ball pythons
  6 bats
  6 frilled lizards
  4 kobolds
  3 rats
55 creatures vanquished.

Notes
Turn   | Place    | Note
-------+----------+-------------------------------------------
     0 | D:1      | safid the Minotaur Hunter began the quest for the Orb.
     0 | D:1      | Reached XP level 1. HP: 18/18 MP: 0/0
   125 | D:1      | Reached XP level 2. HP: 26/26 MP: 1/1
   788 | D:2      | Reached skill level 5 in Ranged Weapons
   788 | D:2      | Reached XP level 3. HP: 31/31 MP: 2/2
  1408 | D:3      | Noticed Natasha
  1420 | D:3      | Killed Natasha
  1421 | D:3      | Reached XP level 4. HP: 27/40 MP: 3/3
  1667 | D:3      | Noticed Natasha
  1680 | D:3      | Killed Natasha
  2003 | D:3      | Noticed Natasha
  2008 | D:3      | Killed Natasha
  2125 | D:3      | Reached XP level 5. HP: 47/47 MP: 4/4
  2371 | D:3      | Found an ornate altar of the Wu Jian Council.
  2473 | D:3      | HP: 1/47 [orc/+0 falchion (6)]
  2474 | D:3      | Slain by an orc

Illustrated notes

Levels and vault maps discovered:
D:1:      spicycebolla_arrival_clurvy, layout_basic,
          chequers_hall_statues_wall_a
D:2:      layout_basic
D:3:      layout_basic, mainiacjoe_overflow_alcove_2, uniq_natasha
D:4:      layout_gridville, nicolae_overflow_hidden_temple, tso_oasis_becter,
          amcnicky_mini_corridor_feature, minmay_unequal, uniq_duvessa,
          uniq_eustachio

Skill      XL: |  1  2  3 |
---------------+----------+-----
Fighting       | 3 4 |  4.8
Ranged Weapons | 5 |  5.8
Dodging        | |  2.1
Stealth        | |  0.7

Action                   |  1- 3 |  4- 6 || total
-------------------------+-------+-------++-------
 Fire: Shortbow          |    95 |    54 ||   149
  Use: Potion            |       |     1 ||     1
Armor: Leather armour    |     4 |     7 ||    11
Dodge: Dodged            |    20 |    28 ||    48
